 Dungeon Crawl Stone Soup version 0.24-a0-458-gfcb5e6d (webtiles) character file.

Game seed: 1687564909747596933

218 GandaPestile the Chopper (level 5, -3/48 HPs)
             Began as a Minotaur Berserker on June 27, 2019.
             Was a Believer of Trog.
             Slain by a gnoll
             ... wielding a +0 flail
              (15 damage)
             ... on level 3 of the Dungeon.
             The game lasted 00:07:13 (2634 turns).

GandaPestile the Chopper (Minotaur Berserker)       Turns: 2634, Time: 00:07:13

Health: -3/48      AC:  2    Str: 23    XL:     5   Next: 63%
Magic:  4/4        EV: 13    Int:  4    God:    Trog [**....]
Gold:   199        SH:  0    Dex:  9    Spells: 4/4 levels left

rFire    . . .     SeeInvis .   a - +0 hand axe
rCold    . . .     Gourm    .   (no shield)
rNeg     + . .     Faith    .   b - +0 animal skin
rPois    .         Spirit   .   (helmet restricted)
rElec    .         Reflect  .   (no cloak)
rCorr    .         Harm     .   (no gloves)
MR       ++...                  (no boots)
Stlth    +.........             (no amulet)
HPRegen  1.16/turn              n - ring of positive energy
MPRegen  0.09/turn              (no ring)

@: regenerating
A: retaliatory headbutt, horns 2
a: Berserk, Trog's Hand, Renounce Religion


You were on level 3 of the Dungeon.
You worshipped Trog.
Trog was pleased with you.
You were not hungry.

You visited 1 branch of the dungeon, and saw 3 of its levels.

You collected 199 gold pieces.

Inventory:

Hand Weapons
 a - a +0 hand axe (weapon)
Armour
 b - a +0 animal skin (worn)
Jewellery
 n - a ring of positive energy (left hand)
Wands
 p - a wand of clouds (6)
 r - a wand of paralysis (10)
Scrolls
 d - a scroll of fear {unknown}
 e - 5 scrolls of remove curse
 f - a scroll of identify
 i - a scroll of amnesia {unknown}
 j - a scroll of magic mapping {unknown}
 k - 2 scrolls of fog {unknown}
 o - a scroll of noise {unknown}
Potions
 g - 2 potions of heal wounds {unknown}
 h - a potion of curing {unknown}
 l - a potion of agility {unknown}
 m - a potion of brilliance {unknown}
 q - a potion of flight {unknown}
Comestibles
 c - 5 rations


   Skills:
 + Level 5.0 Fighting
 * Level 5.8 Axes
 + Level 3.4 Armour
 + Level 3.2 Dodging


You had 4 spell levels left.
You didn't know any spells.
Your spell library was empty.

Dungeon Overview and Level Annotations

Branches:
Dungeon (3/15)

Altars:
Kikubaaqudgha


Innate Abilities, Weirdness & Mutations

You reflexively headbutt those who attack you in melee.
You have a pair of horns on your head.


Message History

The gnoll shouts! x2
You barely miss the gnoll. The gnoll hits you with a +0 flail!
You barely miss the gnoll. The gnoll barely misses you.
You barely miss the gnoll. Your headbutt misses the gnoll.
You closely miss the gnoll. Your headbutt misses the gnoll.
The gnoll misses you.
You barely miss the gnoll. x2; The gnoll hits you with a +0 flail.
The gnoll hits you from afar with a +0 halberd!
The gnoll barely misses you. You furiously retaliate!
You headbutt the gnoll, but do no damage.
You closely miss the gnoll. Your headbutt misses the gnoll. You hit the gnoll.
The gnoll closely misses you. x2; The gnoll misses you.
You barely miss the gnoll. You hit the gnoll but do no damage.
The gnoll hits you with a +0 flail! The gnoll closely misses you.
The gnoll hits you!
* * * LOW HITPOINT WARNING * * *
Your skin crawls.
You feel resistant to hostile enchantments.
You feel somewhat more hungry. The gnoll hits you with a +0 flail!
You die...

#.....#
#........#....##
#.....#
#####........####...
#.....#
#≈≈≈≈≈≈≈.....# ####
###.#.# #.≈≈........#
#
##.######..≈........#
#..# #.##..........#
#.## #............#
#.# #..............
### ###@..####......
###gg....#.#.#..
#.g.####>.....
#............
#......≈...≈
#≈≈≈≈≈≈≈≈≈≈≈≈≈≈≈
..≈≈≈≈≈≈≈≈≈≈≈≈≈≈≈
#..≈≈≈≈≈≈≈≈≈≈≈≈≈≈
#.≈.≈≈≈≈≈.≈≈≈≈≈≈≈


You could see 3 gnolls.

Vanquished Creatures
  An orc priest (D:3)
  3 orc wizards (D:3)
  An adder (D:2)
  An ooze (D:1)
  A worm (D:3)
  2 dart slugs (D:1)
  A leopard gecko (D:1)
  15 orcs (D:3)
  4 giant cockroaches
  5 goblins
  11 hobgoblins
  2 jackals (D:3)
  2 quokkas
  5 bats
  5 frilled lizards
  7 kobolds
  11 rats
77 creatures vanquished.

Notes
Turn   | Place    | Note
-------+----------+-------------------------------------------
     0 | D:1      | GandaPestile the Minotaur Berserker began the quest for the
                  | Orb.
     0 | D:1      | Reached XP level 1. HP: 19/19 MP: 0/0
   162 | D:1      | Reached XP level 2. HP: 26/27 MP: 1/1
   168 | D:1      | Found an ancient bone altar of Kikubaaqudgha.
   545 | D:1      | Reached XP level 3. HP: 27/33 MP: 2/2
  1035 | D:2      | Reached ** piety under Trog
  1529 | D:3      | Reached XP level 4. HP: 20/41 MP: 3/3
  1541 | D:3      | Reached skill level 5 in Axes
  2000 | D:3      | Reached XP level 5. HP: 47/47 MP: 4/4
  2107 | D:3      | HP: 1/70 [something/puff of flame (7)]
  2109 | D:3      | Reached skill level 5 in Fighting
  2634 | D:3      | Slain by a gnoll

Levels and vault maps discovered:
D:1:      matt_arrival_refuge, layout_loops_ring, minmay_hexomino_r4
D:2:      layout_loops_cross, first_ration
D:3:      layout_rooms, serial_rivers, chequers_serial_rivers_room_b,
          chequers_serial_rivers_micro_e, chequers_serial_rivers_micro_b,
          chequers_serial_rivers_large_a, chequers_serial_rivers_room_b,
          chequers_serial_rivers_micro_b, cheibrodos_sewer_entry_drain,
          chequers_serial_rivers_room_b

Skill      XL: |  1  2  3  4  5 |
---------------+----------------+-----
Fighting       | 4 5 |  5.0
Axes           | 4 5 |  5.8
Armour         | 3 |  3.4
Dodging        | 3 |  3.2

Action                   |  1- 3 |  4- 6 || total
-------------------------+-------+-------++-------
Melee: Hand axe          |    89 |    73 ||   162
       Headbutt          |    13 |     6 ||    19
Invok: Berserk           |       |     2 ||     2
       Trog's Hand       |       |     1 ||     1
  Use: Scroll            |       |     2 ||     2
 Stab: Sleeping          |     2 |       ||     2
  Eat: Chunk             |     1 |       ||     1
       Ration            |       |     2 ||     2
Armor: Animal skin       |    10 |     8 ||    18
Dodge: Dodged            |    64 |    35 ||    99

Table legend:
 A = Non-vault XP
 B = Vault XP
 C = Vault XP percentage of total XP
 D = Non-vault monster count
 E = Vault monster count
 F = Vault count percentage of total count
                 A         B        C        D         E       F
            +---------+---------+-------+---------+---------+-------
      Total |     296 |      16 |   5.1 |      71 |       6 |   7.8
            +---------+---------+-------+---------+---------+-------
        D:1 |      38 |      10 |  20.8 |      21 |       4 |  16.0
        D:2 |      44 |       0 |   0.0 |      21 |       0 |   0.0
        D:3 |     214 |       6 |   2.7 |      29 |       2 |   6.5
            +---------+---------+-------+---------+---------+-------
